 Dungeon Crawl Stone Soup version 0.29.0-13-gc9e81de378 (webtiles) character file.

Game seed: 6262073700789498643

510 sanka the Martial Artist (level 6, -1/51 HPs)
             Began as a Draconian Monk on Sept 8, 2022.
             Was a Believer of Zin.
             Slain by an iguana (8 damage)
             ... on level 4 of the Dungeon.
             The game lasted 00:07:33 (6690 turns).

sanka the Martial Artist (Draconian Monk)           Turns: 6690, Time: 00:07:34

Health: -1/51      AC:  7    Str: 13    XL:     6   Next: 98%
Magic:  6/6        EV: 13    Int: 13    God:    Zin [**....]
Gold:   99         SH:  0    Dex: 19    Spells: 5/5 levels left

rFire   . . .      SeeInvis .     - Unarmed
rCold   . . .      Faith    .   (no shield)
rNeg    . . .      Spirit   .   (body armour unavailable)
rPois   .          Reflect  .   (helmet restricted)
rElec   .          Harm     .   (no cloak)
rCorr   .          Rampage  .   j - +0 pair of gloves
Will    .....                   (no boots)
Stlth   ++........              (no amulet)
HPRegen 0.17/turn               m - +6 ring of dexterity
MPRegen 0.10/turn               e - ring of flight

@: flying
A: AC +6, unfitting armour, cold-blooded
a: Renounce Religion, Recite, Vitalisation, Donate Gold


You were on level 4 of the Dungeon.
You worshipped Zin.
Zin was pleased with you.
You visited 1 branch of the dungeon, and saw 5 of its levels.

You collected 182 gold pieces.
You spent 72 gold pieces at shops.
You donated 11 gold pieces to Zin.


Innate Abilities, Weirdness & Mutations

Your plain brown scales are hard. (AC +6)
You cannot fit into any form of body armour.
You are cold-blooded and may be slowed by cold attacks.


   Skills:
 - Level 3.2 Fighting
 - Level 2.6 Dodging
 - Level 1.7 Stealth
 + Level 8.0 Unarmed Combat


You had 5 spell levels left.
You didn't know any spells.
Your spell library contained the following spells:

 Spells                   Type           Power      Damage    Failure   Level
 Magic Dart               Conj           0%         1d3       30%         1
 Ensorcelled Hibernation  Hex/Ice        0%         N/A       43%         2
 Passwall                 Tmut/Erth      0%         N/A       43%         2
 Searing Ray              Conj           0%         2d4       43%         2
 Frozen Ramparts          Ice            0%         1d1       67%         3
 Swiftness                Air            0%         N/A       67%         3
 Fulminant Prism          Conj/Hex       0%         3d6       97%         4
 Ice Form                 Ice/Tmut       0%         N/A       97%         4
 Summon Ice Beast         Ice/Summ       0%         N/A       97%         4

Inventory:

Armour
 j - a +0 pair of gloves (worn)
Jewellery
 e - a ring of flight (right hand)
 m - a +6 ring of dexterity (left hand)
Wands
 n - a wand of paralysis (13)
Scrolls
 d - a scroll of vulnerability {unknown}
 f - 3 scrolls of identify {unknown}
 g - a scroll of immolation {unknown}
 i - 2 scrolls of enchant weapon {unknown}
 k - 2 scrolls of teleportation {unknown}
 l - a scroll of butterflies {unknown}
 o - 3 scrolls of blinking {unknown}
Potions
 b - a potion of lignification {unknown}
 c - a potion of degeneration {unknown}
 h - 3 potions of curing {@q1}
 p - 2 potions of heal wounds {unknown}

Dungeon Overview and Level Annotations

Branches:
Dungeon (5/15)
 Temple: D:4-7

Altars:
Elyvilon
Kikubaaqudgha
Zin

Shops:
D:1 ([:*( D:2

[
........................▒........
........................▒...▒....
.......▒▒................▒..▒....
.......▒▒.▒▒.....[....▒...▒......
▒▒........▒▒▒▒............(......
.▒....▒▒▒▒▒ ▒▒..................
▒▒....▒ ▒...............▒..
....▒▒▒▒▒▒▒ ▒<.l....>.......▒▒▒
......)...▒▒ ▒.dh...........<▒▒
.▒..▒▒▒▒▒..▒▒▒▒▒▒▒▒▒▒▒▒▒▒......▒▒
...▒▒ ▒▒....▒▒▒▒▒▒▒▒▒▒▒........
.▒▒▒ ▒▒▒▒..........▒▒........
.▒▒▒▒▒▒▒▒▒▒▒▒..........▒▒........
.......................▒▒▒▒▒▒▒..<
..▒▒▒▒▒▒▒▒▒▒▒▒.........▒ ▒...
......▒ ▒.........▒ ▒▒▒▒ ▒▒▒▒▒▒▒
▒▒▒▒▒▒▒▒▒▒▒


You could see an iguana and a jackal.


Message History

* * * LOW HITPOINT WARNING * * *
The jackal completely misses you.
You hit the iguana but do no damage.
The iguana is heavily wounded.
The iguana bites you but does no damage.
The jackal bites you but does no damage.
You completely miss the iguana.
The iguana is heavily wounded.
The jackal bites you but does no damage.
The iguana bites you but does no damage.
You hit the iguana but do no damage.
The iguana is heavily wounded.
The jackal bites you.
* * * LOW HITPOINT WARNING * * *
The iguana barely misses you.
You hit the iguana.
The iguana is heavily wounded.
The jackal barely misses you. The iguana bites you!
* * * LOW HITPOINT WARNING * * *
You closely miss the iguana.
The iguana is heavily wounded.
The jackal misses you. The jackal barely misses you.
The iguana barely misses you.
Unknown command.
The jackal bites you.
* * * LOW HITPOINT WARNING * * *
The iguana bites you!
You die...

Action                   |  1- 3 |  4- 6 || total
-------------------------+-------+-------++-------
Melee: Unarmed           |   167 |   205 ||   372
       Tailslap          |    27 |    21 ||    48
       Punch             |     3 |     4 ||     7
  Use: Potion            |       |     4 ||     4
 Stab: Sleeping          |     6 |     5 ||    11
       Distracted        |       |     1 ||     1
Armor: Skin              |    30 |    67 ||    97
Dodge: Dodged            |    99 |   123 ||   222

Levels and vault maps discovered:
D:1:      psy_arrival_heroes, layout_basic, serial_shops, nicolae_shop_stone,
          nicolae_shop_competitors_out_of_business, nicolae_shop_behind_doors,
          shop, nicolae_shop_hallway_stairs,
          hellmonk_ecumenical_altar_watching_god, minmay_rat_gold_closets
D:2:      layout_loops_ring, serial_shops, shop, minivault_4, minivault_5
D:3:      layout_loops_ring, lemuel_round_altar
D:4:      layout_rooms, amethyst_overflow_temple_binary,
          minmay_a_box_with_orc_wizards_in_it
D:5:      layout_cave_pools, vehumet_altar_wand_db, portal_sewer_entry_f

Notes
Turn   | Place    | Note
-------+----------+-------------------------------------------
     0 | D:1      | sanka the Draconian Monk began the quest for the Orb.
     0 | D:1      | Reached XP level 1. HP: 19/19 MP: 1/1
    82 | D:1      | Found Rubajem's Antique Armour Emporium.
   500 | D:1      | Found a faded altar of an unknown god.
   500 | D:1      | Noticed a floating eye
   504 | D:1      | Noticed a floating eye
   507 | D:1      | Noticed a floating eye
   507 | D:1      | Noticed a shining eye
   521 | D:1      | Found Esutonnucha's Weapon Boutique.
   532 | D:1      | Reached XP level 2. HP: 26/26 MP: 2/2
   650 | D:1      | Found Daobeenn's Assorted Antiques.
   668 | D:1      | Found Xadghiesue's Weapon Shoppe.
   829 | D:1      | Found Unlas's Book Emporium.
   942 | D:1      | Reached skill level 4 in Unarmed Combat
  1885 | D:2      | HP: 2/26 [gnoll/+0 spear (8)]
  2539 | D:2      | Reached XP level 3. HP: 27/31 MP: 3/3
  2922 | D:2      | HP: 2/31 [gnoll/+1 flail of protection (8)]
  3439 | D:2      | Found Vefueguu's Antique Armour Emporium.
  3443 | D:2      | Bought a pair of gloves for 72 gold pieces
  3645 | D:2      | Reached XP level 4. HP: 30/38 MP: 4/4
  3935 | D:3      | Reached skill level 5 in Unarmed Combat
  4290 | D:3      | Found an ancient bone altar of Kikubaaqudgha.
  4680 | D:3      | Reached XP level 5. HP: 45/45 MP: 5/5
  4809 | D:4      | Reached skill level 6 in Unarmed Combat
  5128 | D:4      | Found a white marble altar of Elyvilon.
  5128 | D:4      | Found a glowing silver altar of Zin.
  5492 | D:4      | Reached XP level 6. HP: 23/51 MP: 6/6
  5860 | D:4      | Reached skill level 7 in Unarmed Combat
  6377 | D:4      | Found a white marble altar of Elyvilon.
  6377 | D:4      | Found a glowing silver altar of Zin.
  6549 | D:4      | Became a worshipper of Zin the Law-Giver
  6549 | D:4      | Reached * piety under Zin
  6549 | D:4      | Reached ** piety under Zin
  6565 | D:5      | Entered Level 5 of the Dungeon
  6646 | D:5      | Reached skill level 8 in Unarmed Combat
  6671 | D:5      | HP: 3/51 [iguana (11)]
  6688 | D:4      | HP: 1/51 [iguana (10)]
  6690 | D:4      | Slain by an iguana

Vanquished Creatures
  A phantom (D:5)
  A howler monkey (D:4)
  2 jellies (D:4)
  A hound (D:4)
  An iguana (D:4)
  4 orc wizards (D:4)
  8 adders
  3 gnolls (D:2)
  A shadow imp (D:5)
  A worm (D:2)
  An orc (D:4)
  9 endoplasms
  4 giant cockroaches
  3 goblins
  4 hobgoblins
  4 jackals
  3 quokkas (D:3)
  5 ball pythons
  4 bats
  6 frilled lizards
  6 kobolds
  15 rats
87 creatures vanquished.
